 Dungeon Crawl Stone Soup version 0.27-a0-909-g0721f309d1 (webtiles) character file.

Game seed: 11792430895241616317

168 pokeman the Magician (level 5, 0/29 HPs)
             Began as a Deep Elf Hedge Wizard on Apr 8, 2021.
             Was an Initiate of Vehumet.
             Killed by miscasting Mephitic Cloud (9 damage)
             ... on level 4 of the Dungeon.
             The game lasted 00:09:42 (4985 turns).

pokeman the Magician (Deep Elf Hedge Wizard)        Turns: 4985, Time: 00:09:44

Health: 0/29       AC:  5    Str: 13    XL:     5   Next: 23%
Magic:  3/15       EV: 31    Int: 20    God:    Vehumet [......]
Gold:   159        SH:  0    Dex: 14    Spells: 4/16 levels left

rFire    . . .     SeeInvis .   h - +1 short sword (venom)
rCold    . . .     Faith    .   (no shield)
rNeg     . . .     Spirit   .   g - +0 leather armour
rPois    .         Reflect  .   c - +0 hat
rElec    .         Harm     .   (no cloak)
rCorr    .         Rampage  .   k - +1 pair of gloves {archery}
Will     .....                  (no boots)
Stlth    ++........             s - amulet of the acrobat
HPRegen  0.09/turn              f - +6 ring of strength
MPRegen  0.14/turn              m - +4 ring of evasion

@: acrobatic, very slightly contaminated
A: no striking features
a: Renounce Religion


You were on level 4 of the Dungeon.
You worshipped Vehumet.
Vehumet was noncommittal.
You visited 2 branches of the dungeon, and saw 6 of its levels.

You collected 214 gold pieces.
You spent 55 gold pieces at shops.

Inventory:

Hand Weapons
 h - a +1 short sword of venom (weapon)
Missiles
 q - 28 arrows
 r - 17 bolts
 v - 2 atropa-tipped darts
Armour
 c - a +0 hat (worn)
 g - a +0 leather armour (worn)
 k - a +1 pair of gloves of archery (worn)
 x - the +1 pair of gloves of Oteqof {Stlth+}
   (You found it on level 4 of the Dungeon)

   It makes you more stealthy.
Magical Staves
 j - a staff of cold
Jewellery
 f - a +6 ring of strength (left hand)
 m - a +4 ring of evasion (right hand)
 s - an amulet of the acrobat (around neck)
Scrolls
 a - 2 scrolls of enchant armour {unknown}
 d - 3 scrolls of enchant weapon {unknown}
 e - 4 scrolls of teleportation {unknown}
 i - 9 scrolls of identify
 o - 4 scrolls of blinking {unknown}
 p - a scroll of holy word {unknown}
 u - a scroll of vulnerability {unknown}
 y - a scroll of amnesia {unknown}
Potions
 b - a potion of lignification {unknown}
 l - a potion of heal wounds {unknown}
 n - a potion of curing
 t - a potion of might {unknown}
 w - a potion of attraction {unknown}


   Skills:
 - Level 1.0 Fighting
 - Level 1.0 Armour
 - Level 3.0 Dodging
 + Level 2.7 Stealth
 * Level 6.1 Spellcasting
 + Level 2.6 Conjurations
 - Level 1.1 Summonings
 - Level 1.1 Translocations
 - Level 1.0 Fire Magic
 + Level 0.7 Air Magic


You had 4 spell levels left.
You knew the following spells:

 Your Spells              Type           Power      Damage    Failure   Level
a - Magic Dart            Conj           64%        1d6       4%          1
b - Mephitic Cloud        Conj/Pois/Air  10%        N/A       26%         3
c - Call Imp              Summ           10%        N/A       13%         2
d - Blink                 Tloc           N/A        N/A       13%         2
e - Conjure Flame         Conj/Fire      13%        6-21      19%         3
f - Apportation           Tloc           20%        N/A       9%          1

Your spell library contained the following spells:

 Spells                   Type           Power      Damage    Failure   Level
 Summon Small Mammal      Summ           40%        N/A       9%          1
 Animate Skeleton         Necr           12%        N/A       13%         1
 Beastly Appendage        Tmut           12%        N/A       13%         1
 Corona                   Hex            6%         N/A       13%         1
 Slow                     Hex            6%         N/A       21%         2
 Wereblood                Tmut           6%         N/A       21%         2
 Gell's Gravitas          Tloc           5%         N/A       26%         3
 Confusing Touch          Hex            6%         N/A       36%         3
 Spider Form              Tmut/Pois      3%         N/A       36%         3
 Ice Form                 Ice/Tmut       6%         N/A       78%         4
 Petrify                  Tmut/Erth      6%         N/A       78%         4
 Hydra Form               Tmut           3%         N/A       98%         5
 Metabolic Englaciation   Hex/Ice        3%         N/A       98%         5
 Yara's Violent Unravell  Hex/Tmut       3%         3d4       98%         5


Dungeon Overview and Level Annotations

Branches:
Dungeon (5/15)             Temple (1/1) D:4

Altars:
Ashenzari
Cheibriados
Dithmenos
Fedhas
Gozag
Hepliaklqana
Kikubaaqudgha
Nemelex Xobeh
Okawaru
Qazlal
Ru
Trog
Uskayaw
Vehumet
Wu Jian
Xom
Zin
The Shining One

Shops:
D:2 **

Annotations:
D:5 3 runed translucent doors, Lobster4's ghost, novice GnWn; Pikel; noodleboyJ's ghost, amateur DgCj; thegreatwait's ghost, novice MiMo


Message History

Your crimson imp hits the lemure but does no damage.
Casting: Call Imp (safe; 13% risk of failure)
Confirm with . or Enter, or press ? or * to list all spells.
A beastly little devil appears in a puff of frigid air.
The lemure barely misses you.
Your crimson imp hits the lemure.
The lemure hits your white imp but does no damage.
Your white imp gestures at the lemure.
The puff of frost hits the lemure.
Your crimson imp hits the lemure but does no damage.
The lemure hits your white imp.
Your white imp closely misses the lemure.
Your crimson imp blinks!
The lemure hits your white imp.
Your white imp hits the lemure but does no damage.
The lemure hits your white imp.
Your white imp dies!
Your crimson imp hits the lemure but does no damage.
Your crimson imp blinks!
Your crimson imp blinks!
Your crimson imp blinks!
The lemure completely misses you.
Casting: Call Imp (safe; 13% risk of failure)
Confirm with . or Enter, or press ? or * to list all spells.
You blink.
Casting: Blink (safe; 13% risk of failure)
Confirm with . or Enter, or press ? or * to list all spells.
You don't know that spell.
A lemure is nearby!
Unknown command.
Casting: Blink (safe; 13% risk of failure)
Confirm with . or Enter, or press ? or * to list all spells.
The spell is quite dangerous to cast (26% risk of failure)!
Continue anyway?
Aiming: Mephitic Cloud (quite dangerous; 26% risk of failure)
Press: ? - help, Shift-Dir - straight line, f - lemure
Aim: a lemure (chance to affect: 77%)
You miscast Mephitic Cloud.
You are very lightly contaminated with residual magic.
You feel a strange surge of energy!
You die...

.................................
....##...........................
..#####..........................
...## ##.........................
.[..# ##........................
....## #...........5.............
.....###.........................
....###..........................
....##..........@...............(
...##............................
.................................
.#####.....................####.#
## #......................# ### #
#.......##.............#
#......#####...........# ###....#
#....#'#....# ###.##
#....+_+....#


You could see a lemure.

Vanquished Creatures
  A lemure (D:5)
  A water moccasin skeleton (D:4)
  A howler monkey skeleton (D:4)
  An adder (D:3)
  A gnoll (D:2)
  An adder skeleton (D:4)
  2 worms (D:2)
  2 dart slugs
  9 endoplasms
  2 giant cockroaches
  7 goblins
  7 hobgoblins
  10 jackals
  4 quokkas
  5 ball pythons
  4 bats
  2 frilled lizards
  7 kobolds
  6 rats
73 creatures vanquished.

Notes
Turn   | Place    | Note
-------+----------+-------------------------------------------
     0 | D:1      | pokeman the Deep Elf Hedge Wizard began the quest for the
                  | Orb.
     0 | D:1      | Reached XP level 1. HP: 10/10 MP: 7/7
   184 | D:1      | Reached XP level 2. HP: 12/15 MP: 5/9
   791 | D:1      | Reached skill level 5 in Spellcasting
  1136 | D:2      | Found Jiludghe's General Store.
  1282 | D:2      | Reached XP level 3. HP: 20/20 MP: 5/11
  1286 | D:2      | Learned a level 3 spell: Conjure Flame
  1289 | D:2      | Learned a level 2 spell: Call Imp
  1293 | D:2      | Learned a level 3 spell: Mephitic Cloud
  1296 | D:2      | Learned a level 2 spell: Blink
  1710 | D:2      | Found Haurutwuemm's General Store.
  1718 | D:2      | Bought a potion of curing for 33 gold pieces
  1718 | D:2      | Bought a scroll of identify for 22 gold pieces
  1805 | D:2      | Reached skill level 1 in Fighting
  1805 | D:2      | Reached skill level 1 in Armour
  2078 | D:2      | Found a faded altar of an unknown god.
  2709 | D:3      | Reached XP level 4. HP: 25/25 MP: 10/13
  4143 | D:4      | Reached skill level 1 in Fire Magic
  4166 | D:4      | Found an opulent altar of Gozag.
  4367 | D:4      | Reached skill level 6 in Spellcasting
  4367 | D:4      | Reached XP level 5. HP: 29/29 MP: 3/15
  4483 | D:4      | Found a staircase to the Ecumenical Temple.
  4488 | Temple   | Entered the Ecumenical Temple
  4513 | Temple   | Became a worshipper of Vehumet
  4540 | D:4      | Learned a level 1 spell: Apportation
  4642 | D:4      | Identified the +1 pair of gloves of Oteqof {Stlth+}
  4817 | D:5      | Entered Level 5 of the Dungeon
  4817 | D:5      | Found a runed translucent gate.
  4817 | D:5      | Found a runed translucent gate.
  4817 | D:5      | Found a runed translucent gate.
  4817 | D:5      | Noticed Lobster4's ghost (novice GnWn)
  4817 | D:5      | Noticed noodleboyJ's ghost (amateur DgCj)
  4817 | D:5      | Noticed thegreatwait's ghost (novice MiMo)
  4830 | D:5      | Noticed Pikel
  4830 | D:5      | Noticed a lemure
  4830 | D:5      | Noticed a lemure
  4830 | D:5      | Noticed a lemure
  4830 | D:5      | Noticed a lemure
  4856 | D:5      | Killed a lemure
  4985 | D:4      | Killed by miscasting Mephitic Cloud

Illustrated notes

Levels and vault maps discovered:
D:1:      nzn_arrival_depleted_hourglass, layout_basic, minivault_19
D:2:      layout_loops_corners, serial_shops, shop, shop_statue, serial_rivers,
          chequers_serial_rivers_small_b, chequers_serial_rivers_room_b,
          chequers_serial_rivers_room_a, chequers_serial_rivers_small_3,
          chequers_serial_rivers_large_a, basic_ecumenical_altar,
          cheibrodos_gnoll_hut
D:3:      layout_loops_corners
D:4:      layout_cave_pods, kennysheep_mini_moat,
          minmay_temple_entry_statues_pillars
D:5:      layout_gridville, gammafunk_ghost_cemetery, st_stairs_9, uniq_pikel
Temple:   grunt_wide_crystal_templ

Skill      XL: |  1  2  3  4 |
---------------+-------------+-----
Spellcasting   | 5 6 |  6.1
Fighting       | 1 |  1.0
Armour         | 1 |  1.0
Conjurations   | 2 |  2.6
Fire Magic     | 1 |  1.0
Dodging        | 3 |  3.0
Stealth        | |  2.7
Summonings     | |  1.1
Translocations | |  1.1
Air Magic      | |  0.7

Action                   |  1- 3 |  4- 6 || total
-------------------------+-------+-------++-------
Melee: Dagger            |     3 |       ||     3
       Short sword       |    26 |     6 ||    32
 Cast: Magic Dart        |    89 |    88 ||   177
       Mephitic Cloud    |     3 |     2 ||     5
       Call Imp          |     1 |     4 ||     5
       Blink             |     1 |     3 ||     4
 Stab: Sleeping          |     3 |       ||     3
       Confused          |     3 |       ||     3
Armor: Leather armour    |     5 |     5 ||    10
Dodge: Dodged            |    31 |    44 ||    75

Table legend: (Time is in decaauts)
 A = Elapsed time spent in this place.
 B = Non-inter-level travel time spent in this place.
 C = Inter-level travel time spent in this place.
 D = Time resting spent in this place.
 E = Time spent auto-exploring this place.
 F = Levels seen in this place.
 G = Mean time per level.
                   A        B        C        D        E       F      G
               +--------+--------+--------+--------+--------+-----+--------+
         Total |   5009 |   4845 |    164 |     38 |   4178 |   6 |  834.8 |
       Dungeon |   4975 |   4819 |    156 |     38 |   4157 |   5 |  995.0 |
        Temple |     34 |     26 |      8 |      0 |     21 |   1 |   34.0 |
               +--------+--------+--------+--------+--------+-----+--------+

Top non-repeatable levels by time:
     D:2: 1620 daAuts
     D:3: 1132 daAuts
     D:4: 1094 daAuts
     D:1: 1068 daAuts
     D:5: 59 daAuts
  Temple: 34 daAuts
